Map: Ruins of Endion

Players

ShaDoWn

  • Race: Protoss Protoss
  • League: Grandmaster

MythiC - Winner!

  • Race: Terran Terran
  • League: Grandmaster

VOD

Have the link to the VOD?

Description

Time

  • Played on: April 6, 2016, 7:16 p.m.
  • Length: 13:03
Show
View Real Time Build Order
Export as new Build Order

ShaDoWn Protoss 

Build Orders: 1 Gate Expand, Phoenix Opening 

Get SALT Encoding   

  12  0:01  Probe (Chrono Boost)  
  13  0:12  Probe (Chrono Boost)  
  14  0:19  Pylon  
  14  0:22  Probe (Chrono Boost)  
  15  0:37  Probe (Chrono Boost)  
  15  0:38  Gateway  
  15  0:42  Assimilator  
  16  0:48  Probe (Chrono Boost)  
  17  0:58  Probe (Chrono Boost)  
  18  1:09  Probe (Chrono Boost)  
  19  1:19  Nexus  
  19  1:22  Probe (Chrono Boost)  
  20  1:31  Cybernetics Core  
  20  1:34  Probe (Chrono Boost)  
  21  1:44  Assimilator  
  21  1:45  Probe (Chrono Boost)  
  22  1:49  Pylon  
  22  1:55  Probe (Chrono Boost)  
  23  2:07  Probe (Chrono Boost)  
  24  2:10  Warp Gate (Chrono Boost), Adept  
  25  2:18  Probe (Chrono Boost)  
  26  2:28  Probe (Chrono Boost)  
  27  2:30  Stargate, Probe (Chrono Boost)  
  28  2:38  Adept  
  28  2:40  Probe x2  
  32  2:51  Probe  
  32  2:52  Probe  
  32  2:57  Gateway  
  34  3:02  Probe  
  34  3:04  Probe  
  34  3:05  Adept  
  38  3:12  Probe  
  38  3:14  Phoenix (Chrono Boost)  
  38  3:16  Probe  
  42  3:22  Robotics Facility  
  42  3:23  Probe  
  43  3:30  Pylon  
  43  3:33  Probe  
  44  3:35  Phoenix (Chrono Boost)  
  46  3:48  Probe x2  
  45  4:00  Probe x2  
  44  4:09  Observer (Chrono Boost)  
  36  4:12  Probe (Chrono Boost)  
  36  4:13  Probe (Chrono Boost)  
  39  4:23  Probe (Chrono Boost)  
  40  4:25  Probe (Chrono Boost)  
  40  4:34  Probe (Chrono Boost)  
  40  4:37  Probe (Chrono Boost)  
  43  4:46  Probe (Chrono Boost), Observer, Nexus  
  43  4:48  Probe (Chrono Boost)  
  45  4:57  Probe (Chrono Boost)  
  45  4:58  Assimilator  
  45  4:59  Probe (Chrono Boost)  
  47  5:02  Assimilator  
  47  5:07  Probe (Chrono Boost)  
  47  5:09  Probe (Chrono Boost)  
  47  5:11  Immortal  
  50  5:18  Probe (Chrono Boost)  
  50  5:20  Probe (Chrono Boost)  
  52  5:29  Probe (Chrono Boost), Pylon  
  52  5:35  Probe (Chrono Boost)  
  53  5:42  Probe (Chrono Boost)  
  54  5:46  Probe (Chrono Boost)  
  54  5:52  Sentry  
  54  5:53  Probe (Chrono Boost)  
  57  6:00  Twilight Council, Forge  
  57  6:03  Probe x2 (Chrono Boost)  
  59  6:05  Probe (Chrono Boost)  
  60  6:14  Probe (Chrono Boost)  
  60  6:16  Probe x2 (Chrono Boost)  
  63  6:23  Immortal  
  63  6:24  Probe (Chrono Boost)  
  68  6:27  Probe (Chrono Boost), Protoss Ground Weapons Level 1  
  68  6:32  Probe (Chrono Boost)  
  70  6:36  Probe (Chrono Boost)  
  71  6:41  Probe (Chrono Boost)  
  71  6:43  Probe (Chrono Boost)  
  71  6:45  Resonating Glaives (Chrono Boost)  
  74  6:47  Probe (Chrono Boost)  
  74  6:50  Sentry  
  74  6:51  Probe (Chrono Boost)  
  74  6:54  Pylon  
  77  7:02  Gateway  
  77  7:03  Gateway  
  77  7:07  Immortal, Gateway  
  77  7:11  Gateway  
  77  7:13  Gateway  
  81  7:17  Gateway  
  79  7:25  Pylon  
  79  7:28  Adept x2  
  83  7:30  Pylon  
  83  7:40  Probe x3  
  83  7:41  Immortal  
  84  7:50  Adept x2  
  84  7:52  Probe  
  84  7:53  Probe x2  
  83  8:02  Adept x2  
  83  8:04  Probe  
  83  8:05  Probe x2  
  80  8:10  Adept x3  
  76  8:14  Adept x2  
  76  8:16  Probe  
  76  8:17  Probe  
  76  8:18  Probe  
  81  8:28  Probe  
  81  8:29  Probe  
  81  8:30  Probe, Stalker x2  
  81  8:32  Stalker  
  81  8:33  Protoss Ground Armor Level 1  
  90  8:40  Probe  
  91  8:41  Probe  
  91  8:46  Probe  
  93  8:51  Blink (Chrono Boost)  
  93  8:52  Stalker x2  
  93  8:54  Stalker  
  99  9:06  Probe  
  98  9:14  Stalker  
  98  9:15  Stalker x3  
  101  9:20  Probe  
  83  9:32  Adept x4  
  83  9:37  Probe  
  84  9:41  Assimilator  
  84  9:42  Assimilator  
  84  9:50  Sentry  
  84  9:51  Adept x3  
  91  9:53  Sentry x2  
  91  9:59  Probe x2  
  97  10:01  Probe  
  97  10:06  Adept  
  100  10:11  Probe  
  101  10:14  Pylon x2  
  101  10:15  Protoss Ground Armor Level 2  
  101  10:16  Pylon  
  101  10:31  Warp Prism  
  101  10:32  Probe x3  
  104  10:36  Templar Archives  
  106  10:44  Probe x3  
  109  10:56  Probe x3  
  112  11:02  Immortal  
  112  11:03  Stargate  
  112  11:06  Psionic Storm  
  112  11:08  Probe x2  
  118  11:12  Stalker  
  118  11:13  Stalker x2  
  118  11:15  Pylon  
  118  11:16  Pylon  
  124  11:33  Probe, Nexus  
  124  11:36  Pylon  
  124  11:37  High Templar x2  
  124  11:39  High Templar  
  131  11:44  Pylon  
  131  11:46  Pylon  
  131  11:50  Probe  
  131  11:54  High Templar  
  131  11:55  Adept  
  131  11:56  Adept x3  
  131  11:57  Probe  
  131  11:59  Probe  
  143  12:04  Assimilator  
  143  12:05  Assimilator  
  143  12:09  Probe  
  143  12:14  Mothership Core  
  142  12:19  Adept x6  
  118  12:49  Adept x2  
Show
View Real Time Build Order
Export as new Build Order

MythiC Terran - Winner!

Build Orders: 1/1/1, Liberator Opening, MMM Bio 

Get SALT Encoding   

  12  0:01  SCV  
  13  0:13  SCV  
  14  0:17  Supply Depot  
  14  0:25  SCV  
  14  0:28  Refinery  
  15  0:39  SCV  
  16  0:45  Barracks  
  16  0:51  SCV  
  17  1:03  SCV  
  18  1:15  SCV  
  19  1:32  Orbital Command  
  19  1:33  Factory  
  19  1:35  Marine  
  19  1:38  Supply Depot  
  20  1:44  Refinery  
  20  1:53  Barracks Reactor  
  20  1:58  SCV  
  21  2:10  SCV  
  22  2:19  Starport  
  22  2:20  Hellion  
  22  2:22  SCV  
  25  2:26  Supply Depot  
  25  2:30  Marine x2  
  25  2:34  SCV  
  28  2:41  Widow Mine  
  30  2:46  SCV  
  30  2:50  Marine x2  
  33  2:57  Medivac  
  35  2:58  SCV  
  36  3:07  Marine x2  
  36  3:10  SCV  
  39  3:14  Factory Tech Lab  
  39  3:20  Supply Depot  
  39  3:24  Liberator  
  39  3:26  Command Center  
  39  3:43  Cyclone  
  45  3:51  SCV  
  42  4:12  Command Center  
  42  4:14  SCV  
  42  4:16  Marine x2  
  39  4:22  Siege Tank  
  42  4:26  SCV  
  42  4:28  Supply Depot  
  43  4:38  Marine  
  41  4:39  Barracks  
  41  4:42  Marine  
  43  4:52  Orbital Command  
  43  4:53  SCV  
  43  4:58  Marine  
  45  5:05  SCV  
  46  5:11  Starport Tech Lab  
  46  5:13  Barracks  
  44  5:18  SCV x2, Factory Reactor  
  44  5:20  Marine  
  47  5:28  Orbital Command  
  47  5:30  SCV x2  
  49  5:36  Starport Reactor  
  49  5:38  Marine  
  49  5:39  Stimpack  
  49  5:42  SCV x2  
  52  5:43  Marine x2  
  51  5:54  SCV x2  
  51  5:55  SCV  
  51  5:56  Refinery x2  
  54  6:00  Marauder  
  54  6:02  Marauder  
  58  6:06  SCV  
  58  6:10  Engineering Bay, SCV  
  60  6:11  Engineering Bay, SCV  
  60  6:18  SCV  
  62  6:19  Marine  
  62  6:21  Marine x2  
  62  6:22  SCV  
  62  6:23  Marine  
  62  6:24  SCV  
  67  6:29  Medivac  
  67  6:30  SCV  
  68  6:34  SCV  
  68  6:36  SCV  
  68  6:38  Widow Mine x2  
  68  6:39  Missile Turret  
  74  6:42  SCV  
  74  6:44  Terran Infantry Weapons Level 1, Terran Infantry Armor Level 1  
  75  6:48  SCV  
  75  6:49  Combat Shields  
  76  6:55  Marauder x2, Marine  
  76  6:58  Marine  
  76  6:59  SCV  
  76  7:00  SCV  
  84  7:11  SCV  
  84  7:13  Orbital Command  
  84  7:14  Supply Depot  
  84  7:15  Supply Depot  
  85  7:18  Supply Depot  
  85  7:21  Marine, SCV, Medivac x2  
  91  7:24  Marauder  
  93  7:35  Marine, SCV  
  93  7:36  Marauder  
  93  7:37  Armory  
  97  7:38  Marine  
  98  7:45  Marauder  
  99  7:53  Widow Mine x2, Marine  
  99  7:56  Marine  
  99  7:57  Marauder  
  107  7:59  Medivac  
  107  8:00  Medivac  
  109  8:06  Marauder  
  109  8:11  Marine  
  109  8:12  Liberator  
  102  8:13  Liberator  
  102  8:14  Marine  
  102  8:16  Barracks x2  
  96  8:25  Widow Mine x2  
  96  8:26  Supply Depot  
  100  8:30  SCV x2  
  100  8:31  SCV  
  109  8:36  Marine  
  109  8:37  Marauder, Marine  
  109  8:40  Marauder  
  114  8:46  SCV  
  114  8:48  Refinery  
  115  8:49  Starport  
  115  8:50  Supply Depot  
  115  8:51  Supply Depot  
  115  8:52  SCV, Missile Turret  
  115  8:54  Marine, SCV  
  118  8:57  Marine  
  118  8:58  Marauder  
  118  8:59  Widow Mine x2  
  123  9:03  Liberator x2  
  123  9:06  Marauder, Marine x2  
  123  9:08  Terran Infantry Weapons Level 2  
  120  9:12  Marine  
  120  9:14  Marine  
  120  9:21  Marine  
  120  9:24  Marine x2  
  124  9:28  Missile Turret  
  124  9:29  SCV x2  
  119  9:31  Starport Reactor  
  119  9:33  Marauder, Marine x2  
  119  9:34  SCV  
  119  9:37  Refinery  
  111  9:39  Marauder  
  111  9:41  SCV  
  111  9:42  Marine x2  
  117  9:55  Marauder, Marine x2  
  121  10:01  Marauder  
  121  10:03  Barracks Tech Lab, Command Center  
  121  10:05  Medivac x2  
  125  10:09  Marine x2, Factory Reactor  
  125  10:13  Marine x2  
  129  10:16  Marauder  
  131  10:21  Marine  
  131  10:22  Marine, Medivac x2  
  131  10:27  Supply Depot, Marine x2  
  138  10:30  Marine  
  138  10:31  Marine, Liberator  
  140  10:45  Marine  
  140  10:47  Terran Infantry Armor Level 2  
  140  10:48  Supply Depot, Marine x3  
  140  10:49  Marauder  
  149  10:52  Liberator  
  149  11:04  Terran Ship Weapons Level 1  
  149  11:09  Supply Depot, Marine x2  
  149  11:10  Supply Depot x2, Marauder  
  156  11:13  Supply Depot  
  156  11:14  Marauder x2  
  160  11:20  Refinery, Liberator x2  
  159  11:35  Marine  
  159  11:36  Marauder, Marine x3  
  159  11:38  Marine x2  
  173  11:54  Marauder, Marine x3  
  175  11:55  Widow Mine x2, Marine  
  175  11:56  Marauder  
  175  11:58  Marauder  
  187  12:02  Liberator  
  187  12:11  Marine  
  187  12:12  Marine x2  
  187  12:13  Marine  
  187  12:15  Marauder  
  193  12:17  Marine  
  193  12:19  Marauder  
  200  12:35  Marauder  
  200  12:36  Marauder  
  197  12:40  Marine  
  197  12:41  Marine  
Tags
 
Add a new tag
Caveats
  • Supply blocks, unpowered buildings, or Contaminate may cause inaccurate times.
  • Supply counts are checked every 10 seconds.